 Dungeon Crawl Stone Soup version 0.31.0-32-g396128a36d (webtiles) character file.

Game seed: 11098816022998542014

126870 Peloso the Peltast (level 16, -5/151 HPs)
             Began as a Minotaur Fighter on Mar 17, 2024.
             Was a High Priest of Okawaru.
             Slain by a saltling (10 damage)
             ... in the Desolation of Salt.
             The game lasted 01:19:06 (26287 turns).

Peloso the Peltast (Minotaur Fighter)              Turns: 26287, Time: 01:19:06

Health: -5/151     AC: 32    Str: 29    XL:     16   Next: 44%
Magic:  14/17      EV:  9    Int:  5    God:    Okawaru [*****.]
Gold:   2483       SH: 16    Dex: 21    Spells: 15/15 levels left

rFire   + . .        b - +5 long sword
rCold   + . .        d - +0 kite shield
rNeg    . . .        P - +2 gold dragon scales
rPois   +            R - +1 hat
rElec   +            S - +0 cloak
rCorr   .            C - +2 pair of gloves
SInv    +            q - +1 pair of boots "Ponn" {^Drain +Blink Regen+ Str+5}
Will    +....        e - amulet of regeneration Stlth
                     N - +6 ring of dexterity
HPRegen 2.05/turn    F - ring "Qousiude" {Fly rElec SInv}
MPRegen 0.15/turn

%: no passive effects
@: on berserk cooldown, flying, hasted and slowed
A: horns 2, retaliatory headbutt
a: Renounce Religion, Evoke Blink, Heroism, Finesse, Duel


You were in the Desolation of Salt.
You worshipped Okawaru.
Okawaru was extremely pleased with you.
You visited 5 branches of the dungeon, and saw 24 of its levels.
You also visited: Desolation.

You collected 3284 gold pieces.
You spent 801 gold pieces at shops.

Inventory:

Hand Weapons
 a - a +2 scimitar
 b - a +5 long sword (weapon)
 c - a +1 scimitar of flaming
Armour
 d - a +0 kite shield (worn)
 q - the +1 pair of boots "Ponn" (worn) {^Drain +Blink Regen+ Str+5}
   (You bought it in a shop on level 2 of the Orcish Mines)

   Str+5:     It affects your strength (+5).
   +Blink:    It lets you blink.
   Regen+:    It increases your rate of health regeneration.
   ^Drain:    It drains your maximum health when unequipped.
 C - a +2 pair of gloves (worn)
 G - +0 storm dragon scales
 P - +2 gold dragon scales (worn)
 R - a +1 hat (worn)
 S - a +0 cloak (worn)
Jewellery
 e - an amulet of regeneration (around neck)
 B - a ring of wizardry
 D - a ring of see invisible
 F - the ring "Qousiude" (right hand) {Fly rElec SInv}
   (You bought it in a shop on level 1 of the Orcish Mines)

   [ring of flight]

   rElec:     It insulates you from electricity.
   SInv:      It lets you see invisible.
   Fly:       It grants you flight.
 K - an amulet of reflection
 N - a +6 ring of dexterity (left hand)
 Q - a ring of ice
 T - a ring of protection from fire
 V - a ring of poison resistance
Talismans
 h - a beast talisman
 k - a blade talisman
 E - the maw talisman of Noxious Happiness {Dex+2}
   (You found it on level 13 of the Dungeon)

   [maw talisman]

   Dex+2:     It affects your dexterity (+2).
Wands
 w - a wand of paralysis (17)
 M - a wand of roots (5)
Scrolls
 f - 15 scrolls of teleportation
 g - 3 scrolls of immolation
 p - 3 scrolls of fear
 t - a scroll of poison
 x - 2 scrolls of revelation
 y - a scroll of brand weapon
 A - a scroll of amnesia
 H - 3 scrolls of acquirement
 I - a scroll of identify
 L - a scroll of blinking
 X - 3 scrolls of fog
Potions
 l - 7 potions of might
 m - 2 potions of resistance
 n - 2 potions of haste
 r - a potion of ambrosia
 s - 2 potions of cancellation
 u - 2 potions of brilliance
 v - a potion of berserk rage
 J - 3 potions of enlightenment
 O - 3 potions of attraction
 U - 2 potions of lignification
 Z - 2 potions of invisibility
Miscellaneous
 i - a phantom mirror
 j - a sack of spiders


   Skills:
 + Level 15.8 Fighting
 + Level 2.0(10.9) Short Blades
 + Level 17.8(17.9) Long Blades
 + Level 16.2 Armour
 + Level 5.5 Dodging
 + Level 2.1 Stealth
 + Level 18.0 Shields
 + Level 3.0 Invocations
 + Level 1.7 Evocations
 + Level 6.7 Shapeshifting


You had 15 spell levels left.
You didn't know any spells.
Your spell library contained the following spells:

 Spells                   Type           Power      Damage    Failure   Level
 Apportation              Tloc           0%         N/A       100%        1
 Magic Dart               Conj           0%         1d3       100%        1
 Necrotise                Necr           0%         1d4       100%        1
 Sting                    Conj/Alch      0%         1d3       100%        1
 Jinxbite                 Hex            0%         N/A       100%        2
 Searing Ray              Conj           0%         2d4       100%        2
 Static Discharge         Conj/Air       0%         3-3/arc   100%        2
 Hailstorm                Conj/Ice       0%         3d5       100%        3
 Stone Arrow              Conj/Erth      0%         3d7       100%        3
 Vampiric Draining        Necr           0%         2d6       100%        3
 Volatile Blastmotes      Fire/Tloc      0%         2d10      100%        3
 Airstrike                Air            0%         2d(0-16)  100%        4
 Fulminant Prism          Conj/Alch      0%         3d5       100%        4
 Iskenderun's Mystic Bla  Conj/Tloc      0%         2d3       100%        4
 Alistair's Intoxication  Alch           0%         N/A       100%        5
 Arcjolt                  Conj/Air       0%         1d10      100%        5
 Curse of Agony           Necr           0%         N/A       100%        5
 Yara's Violent Unravell  Hex/Alch       0%         3d3       100%        5
 Bombard                  Conj/Erth      0%         9d1       100%        6
 Enfeeble                 Hex            0%         N/A       100%        7
 Lehudib's Crystal Spear  Conj/Erth      0%         10d2      100%        8
 Summon Ice Beast         Ice/Summ       Unusable   N/A       N/A         3
 Animate Armour           Summ/Erth      Unusable   N/A       N/A         4
 Martyr's Knell           Necr/Summ      Unusable   N/A       N/A         4
 Summon Lightning Spire   Summ/Air       Unusable   N/A       N/A         4
 Sculpt Simulacrum        Ice/Alch       Unusable   N/A       N/A         6

Dungeon Overview and Level Annotations

Branches:
Dungeon (15/15)            Temple (1/1) D:7            Lair (5/5) D:9
 Shoals (0/4) Lair:2        Snake (0/4) Lair:3        Slime (0/5) Lair:5
    Orc (2/2) D:12            Elf (1/3) Orc:2        Vaults (0/5) D:13
 Depths (0/4) D:15        Desolation (1/1)

Altars:
Ashenzari
Cheibriados
Dithmenos
Elyvilon
Fedhas
Gozag
Hepliaklqana
Kikubaaqudgha
Makhleb
Nemelex Xobeh
Okawaru
Qazlal
Ru
Sif Muna
Trog
Uskayaw
Vehumet
Wu Jian
Xom
Yredelemnul
Zin
The Shining One

Shops:
D:2 [   D:3 *   Orc:1 =   Orc:2 =![

Annotations:
D:9 Casa
Lair:5 1 runed translucent door


Innate Abilities, Weirdness & Mutations

You have a pair of horns on your head.
You reflexively headbutt those who attack you in melee.


Message History

The peacekeeper claws you but does no damage.
You hit the peacekeeper but do no damage.
The peacekeeper is severely damaged.
You block the saltling's attack. The saltling hits you.
* * * LOW HITPOINT WARNING * * *
The peacekeeper bites you but does no damage.
The peacekeeper claws you.
* * * LOW HITPOINT WARNING * * *
You hit the peacekeeper.
The peacekeeper is severely damaged.
You block the saltling's attack. The saltling hits you.
* * * LOW HITPOINT WARNING * * *
You block the peacekeeper's attack.
The peacekeeper claws you but does no damage.
A saltling comes into view.
You hit the peacekeeper but do no damage.
The peacekeeper is severely damaged.
The saltling hits you but does no damage.
You block the saltling's attack. The peacekeeper bites you!
* * * LOW HITPOINT WARNING * * *
The peacekeeper barely misses you. The saltling barely misses you.
The saltling moves out of view.
You hit the peacekeeper but do no damage.
The peacekeeper is severely damaged.
The saltling barely misses you. You furiously retaliate!
You headbutt the saltling.
The peacekeeper bites you but does no damage.
The peacekeeper claws you.
* * * LOW HITPOINT WARNING * * *
You block the saltling's attack.
You feel better. The saltling hits you!
* * * LOW HITPOINT WARNING * * *
The saltling closely misses you.
The peacekeeper bites you but does no damage.
You block the peacekeeper's attack. You block the saltling's attack. x2
You feel better. You block the peacekeeper's attack. x2
You block the saltling's attack. The saltling hits you!
* * * LOW HITPOINT WARNING * * *
The saltling hits you!
You die...

....... ..
.....S. ...
...9..9 ...§
.......
....§§§§§§.....
...§.§§§§§§....
....§§§§§§§§...
....§§§§§§.....
....§§9@§§..§..
....§§999§§§§..
.....§§99§§§..#
.......§§§§....
........§§§§§§§
.....§..§§§..§.
..#....9...#...
..........


You could see a peacekeeper and 5 saltlings.

Vanquished Creatures
  Rupert (D:14)
  A storm dragon (D:15)
  Donald (Elf:1)
  A deep elf sorcerer (Elf:1)
  An orc warlord (Orc:2)
  Nessos (D:13)
  A deep elf death mage (Elf:1)
  2 ettins
  Snorg (Orc:2)
  A fire dragon (D:14)
  Josephine (D:15)
  A vault guard (D:13)
  5 hydras
  2 peacekeepers (Elf:1)
  5 ogre magi
  A merfolk avatar (Lair:5)
  9 boulder beetles
  A catoblepas (Lair:5)
  6 centaur warriors
  A deep troll earth mage (D:15)
  26 two-headed ogres
  3 tengu warriors (D:11)
  A dancing weapon (Elf:1)
  A deep elf knight (Elf:1)
  A shadow wraith (D:13)
  4 skysharks
  A fire crab (Lair:4)
  6 skeletal warriors
  Lodul (D:14)
  A sea snake (Lair:5)
  A deep elf archer (Elf:1)
  A lindwurm (Lair:2)
  3 orc knights
  A wolf spider (Lair:2)
  2 deep elf zephyrmancers (Elf:1)
  An orc sorcerer (Orc:2)
  16 ugly things
  6 deep elf pyromancers
  5 cyclopes
  7 centaur zombies (D:13)
  7 manticores
  A black mamba (shapeshifter) (D:13)
  9 elephants
  6 black mambas
  2 kobold blastminers (D:12)
  14 cane toads
  An unseen horror (D:11)
  A kobold demonologist (D:11)
  10 komodo dragons
  An efreet (D:14)
  A freezing wraith (D:15)
  A rime drake (Lair:1)
  The ghost of nitefall the Ruffian, an amateur TrFi (D:5)
  10 trolls
  2 hornets (Lair:5)
  4 polar bears
  16 blink frogs
  A wind drake (Lair:5)
  9 dream sheep
  A snapping turtle (Lair:5)
  2 meliai zombies (D:13)
  A jumping spider (Lair:2)
  5 water elementals
  5 slime creatures
  47 yaks
  A vampire (D:13)
  An air elemental (Elf:1)
  3 shadows
  7 wyverns
  11 wraiths
  6 basilisks
  A warg (Orc:1)
  15 vampire mosquitoes
  3 acid dragons
  14 water moccasins
  Duvessa (D:6)
  2 ice beasts
  2 sky beasts
  6 black bears
  A black bear (shapeshifter) (D:15)
  25 centaurs
  4 laughing skulls
  38 ogres
  31 orc warriors
  17 wolves
  2 phantoms
  A kobold brigand (D:11)
  2 gnoll sergeants (D:11)
  6 bullfrogs
  5 scorpions
  10 wights
  Dowan (D:6)
  24 killer bees
  5 electric eels
  5 howler monkeys
  3 lava snakes (Lair:2)
  3 quasits (D:5)
  3 jellies
  A gnoll bouda (D:8)
  19 orc priests
  5 hounds
  6 hell rats (Lair:5)
  2 boggart zombies (D:13)
  3 iguanas
  21 orc wizards
  12 gnolls
  7 adders
  An ufetubus (D:6)
  5 ribbon worms
  A dart slug (D:1)
  97 orcs
  4 bats
  9 endoplasms
  4 giant cockroaches
  9 goblins
  8 hobgoblins
  6 kobolds
  3 quokkas
  4 ball pythons
  5 frilled lizards
  5 rats
785 creatures vanquished.

Vanquished Creatures (others)
  A deep elf knight (Elf:1)
  An orc wizard (D:12)
2 creatures vanquished.

Grand Total: 787 creatures vanquished

Notes
Turn   | Place    | Note
-------+----------+-------------------------------------------
     0 | D:1      | Peloso the Minotaur Fighter began the quest for the Orb.
     0 | D:1      | Reached XP level 1. HP: 19/19 MP: 0/0
   169 | D:1      | Reached skill level 4 in Shields
   184 | D:1      | Reached XP level 2. HP: 27/27 MP: 1/1
   768 | D:2      | Reached XP level 3. HP: 33/33 MP: 2/2
  1063 | D:2      | Found Kujeloi's Armour Emporium.
  1189 | D:2      | Found a faded altar of an unknown god.
  1607 | D:3      | Found Gull's Assorted Antiques.
  1627 | D:3      | Reached XP level 4. HP: 23/40 MP: 3/3
  1691 | D:3      | Bought a scroll labelled MUADWY LUGGURY for 30 gold pieces
  2235 | D:3      | Bought a sedimented ruby potion for 27 gold pieces
  2458 | D:4      | Noticed a black bear
  2466 | D:4      | Killed a black bear
  2467 | D:4      | Reached skill level 1 in Shapeshifting
  2467 | D:4      | Reached XP level 5. HP: 33/46 MP: 4/4
  2691 | D:4      | Noticed a phantom
  2709 | D:4      | Killed a phantom
  2710 | D:4      | Reached skill level 5 in Long Blades
  2710 | D:4      | Reached XP level 6. HP: 46/52 MP: 5/5
  2773 | D:4      | Reached skill level 5 in Armour
  3145 | D:5      | Entered Level 5 of the Dungeon
  3160 | D:5      | You fall into a shaft and drop 2 floors!
  3187 | D:7      | Reached skill level 1 in Dodging
  3207 | D:7      | Found a staircase to the Ecumenical Temple.
  3208 | D:7      | Noticed an ice beast
  3220 | D:7      | Killed an ice beast
  3231 | Temple   | Entered the Ecumenical Temple
  3238 | Temple   | Became a worshipper of Warmaster Okawaru
  3258 | D:7      | Noticed a troll
  3264 | D:7      | Noticed a sky beast
  3266 | D:7      | Killed a troll
  3266 | D:7      | Reached * piety under Okawaru
  3267 | D:7      | Reached XP level 7. HP: 21/60 MP: 6/6
  3280 | Temple   | Reached skill level 5 in Shields
  3448 | Temple   | Reached skill level 5 in Fighting
  3509 | D:7      | Reached XP level 8. HP: 68/68 MP: 4/7
  3864 | D:6      | Reached skill level 1 in Invocations
  3886 | D:6      | Noticed Dowan
  3919 | D:5      | Reached ** piety under Okawaru
  4048 | D:5      | Found a transporter.
  4052 | D:5      | Noticed nitefall's ghost (amateur TrFi)
  4608 | D:5      | Found a transporter.
  4647 | D:5      | Reached XP level 9. HP: 73/75 MP: 9/9
  4917 | D:6      | Killed Dowan
  4938 | D:6      | Noticed Duvessa
  4945 | D:6      | Reached *** piety under Okawaru
  4952 | D:6      | Killed Duvessa
  4969 | D:6      | Reached skill level 10 in Long Blades
  5237 | D:6      | Found a radiant altar of Vehumet.
  6216 | D:8      | Reached skill level 1 in Stealth
  6223 | D:8      | Reached **** piety under Okawaru
  6373 | D:8      | Reached skill level 6 in Shields
  6734 | D:8      | Found a hazy altar of Hepliaklqana.
  6738 | D:8      | Found a sparkling altar of Nemelex Xobeh.
  6739 | D:8      | Found a bloodstained altar of Trog.
  6739 | D:8      | Found a blossoming altar of Fedhas.
  6927 | D:8      | Reached XP level 10. HP: 80/84 MP: 10/10
  7573 | D:9      | Found a staircase to the Lair.
  8137 | D:10     | Entered Level 10 of the Dungeon
  8278 | D:10     | Found a shadowy altar of Dithmenos.
  8339 | D:10     | Reached ***** piety under Okawaru
  8389 | D:10     | Reached skill level 7 in Shields
  8440 | D:10     | Received a gift from Okawaru
  8692 | D:10     | Reached skill level 10 in Armour
  8766 | D:10     | Found a glowing silver altar of Zin.
  8766 | D:10     | Noticed an angel
  9108 | D:11     | Identified the orb of the Well-Known Runes {mayhem, rElec
                  | Dex-3 SInv Ice}
  9140 | D:11     | Noticed a two-headed ogre
  9140 | D:11     | Noticed a two-headed ogre
  9162 | D:11     | Killed a two-headed ogre
  9163 | D:11     | Reached XP level 11. HP: 55/94 MP: 8/11
  9166 | D:11     | Killed a two-headed ogre
  9229 | D:11     | Noticed a two-headed ogre
  9253 | D:10     | Killed a two-headed ogre
  9432 | D:11     | Noticed a tengu warrior
  9485 | D:11     | Killed a tengu warrior
  9638 | Lair:1   | Entered Level 1 of the Lair of Beasts
  9747 | Lair:1   | Reached skill level 8 in Shields
  9970 | Lair:1   | Received a gift from Okawaru
 10980 | Lair:2   | Found a runed translucent door.
 11085 | Lair:2   | Reached ****** piety under Okawaru
 11086 | Lair:2   | Reached XP level 12. HP: 94/106 MP: 12/12
 11137 | Lair:2   | Received a gift from Okawaru
 11142 | Lair:2   | Found a staircase to the Shoals.
 11317 | Lair:2   | Reached skill level 5 in Shapeshifting
 11431 | Lair:2   | Noticed a boulder beetle
 11445 | Lair:2   | Killed a boulder beetle
 11446 | Lair:2   | Reached skill level 10 in Fighting
 11446 | Lair:2   | Reached skill level 9 in Shields
 12039 | Lair:2   | Received a gift from Okawaru
 12216 | Lair:3   | Noticed a seven-headed hydra
 12402 | D:11     | Noticed a two-headed ogre
 12415 | D:11     | Killed a two-headed ogre
 12530 | D:11     | Noticed a boulder beetle
 12588 | D:11     | Killed a boulder beetle
 12612 | D:11     | Reached skill level 1 in Evocations
 12617 | D:11     | Reached skill level 10 in Shields
 12631 | D:11     | Received a gift from Okawaru
 12888 | D:11     | Noticed a tengu warrior
 12893 | D:11     | Noticed a tengu warrior
 12935 | D:11     | Killed a tengu warrior
 12936 | D:11     | Reached XP level 13. HP: 85/117 MP: 11/13
 12979 | D:11     | Reached skill level 15 in Long Blades
 13499 | D:12     | Found a shimmering altar of Xom.
 13544 | D:12     | Received a gift from Okawaru
 13744 | D:12     | Reached skill level 11 in Shields
 13812 | D:12     | Found a staircase to the Orcish Mines.
 14361 | Orc:1    | Entered Level 1 of the Orcish Mines
 14667 | Orc:2    | Entered Level 2 of the Orcish Mines
 14667 | Orc:2    | Noticed an ettin
 14667 | Orc:2    | Found a staircase to the Elven Halls.
 14729 | Orc:1    | Killed an ettin
 14729 | Orc:1    | Received a gift from Okawaru
 14730 | Orc:1    | Reached skill level 5 in Dodging
 15134 | Orc:2    | Noticed Snorg
 15153 | Orc:2    | Killed Snorg
 15180 | Orc:2    | Paralysed by an ogre mage for 4 turns
 15449 | Orc:2    | Reached skill level 12 in Shields
 15545 | Orc:2    | Reached XP level 14. HP: 96/127 MP: 12/14
 15549 | Orc:2    | Received a gift from Okawaru
 15970 | Orc:2    | Paralysed by an ogre mage for 5 turns
 16052 | Orc:2    | Found Kayss's Jewellery Shop.
 16052 | Orc:2    | Found Saapt's Antique Armour Shoppe.
 16053 | Orc:2    | Found Piegoki's Distillery.
 16053 | Orc:2    | Found Dejia's General Store.
 16068 | Orc:2    | Bought a pair of scorched boots for 209 gold pieces
 16068 | Orc:2    | Identified the +1 pair of boots "Ponn" {^Drain +Blink
                  | Regen+ Str+5} (You bought it in a shop on level 2 of the
                  | Orcish Mines)
 16171 | Orc:2    | Identified 4 scrolls of acquirement
 16171 | Orc:2    | Acquired 767 gold pieces
 16262 | Orc:1    | Noticed an orc warlord
 16454 | Orc:2    | Killed an orc warlord
 16465 | Orc:2    | Received a gift from Okawaru
 16566 | Orc:2    | Paralysed by an orc sorcerer for 5 turns
 16602 | Orc:1    | Found Veowulisch's Jewellery Shop.
 16626 | Orc:1    | Bought the ring "Qousiude" {Fly rElec SInv} for 535 gold
                  | pieces
 17047 | Lair:3   | Found a staircase to the Snake Pit.
 17851 | Lair:3   | Reached skill level 13 in Shields
 17926 | Lair:3   | Found a shimmering altar of Xom.
 18853 | Lair:4   | Received a gift from Okawaru
 18910 | Lair:4   | You are sucked into a shaft and drop 1 floor!
 18910 | Lair:5   | Entered Level 5 of the Lair of Beasts
 19153 | Lair:4   | Reached skill level 14 in Shields
 19901 | D:5      | Killed nitefall's ghost
 20112 | Lair:2   | Found a runed translucent gate.
 20113 | Lair:2   | Found a runed translucent gate.
 20114 | Lair:2   | Found a runed translucent gate.
 20114 | Lair:2   | Found a runed translucent gate.
 20114 | Lair:2   | Found a runed translucent gate.
 20150 | Lair:2   | Found a runed translucent gate.
 20222 | Lair:2   | Received a gift from Okawaru
 20414 | Lair:2   | Reached XP level 15. HP: 138/138 MP: 13/16
 20571 | Lair:4   | Reached skill level 1 in Short Blades
 20645 | Lair:5   | Reached skill level 15 in Armour
 21055 | Lair:5   | Received a gift from Okawaru
 21062 | Lair:5   | Identified the ring "Vukeac" {Wiz ^Drain Fly Str+3 SInv}
 21068 | Lair:5   | Identified the +1 trident "Dojoanexei" {flame, MP+9 Str+3
                  | SInv}
 21074 | Lair:5   | Got the Folio of Conflict
 21177 | Lair:5   | Found a runed translucent door.
 21178 | Lair:5   | Noticed an acid blob
 21178 | Lair:5   | Noticed an acid blob
 21180 | Lair:5   | Found a staircase to the Slime Pits.
 21803 | D:12     | Reached skill level 15 in Shields
 22217 | D:13     | Received a gift from Okawaru
 22240 | D:13     | Identified the maw talisman of Noxious Happiness {Dex+2}
 22248 | D:13     | Found a blossoming altar of Fedhas.
 22636 | D:13     | Reached skill level 16 in Shields
 22648 | D:13     | Noticed Nessos
 22669 | D:13     | Killed Nessos
 23055 | D:13     | Found a gate to the Vaults.
 24023 | D:14     | Noticed Lodul
 24030 | D:14     | Noticed Rupert
 24031 | D:14     | Killed Lodul
 24032 | D:14     | Reached skill level 15 in Fighting
 24059 | D:14     | Killed Rupert
 24059 | D:14     | Received a gift from Okawaru
 24592 | D:15     | Entered Level 15 of the Dungeon
 24659 | D:15     | Reached skill level 17 in Shields
 24669 | D:15     | Reached XP level 16. HP: 146/149 MP: 17/17
 24954 | D:15     | Noticed a storm dragon
 24976 | D:15     | Killed a storm dragon
 25011 | D:15     | Received a gift from Okawaru
 25035 | D:15     | Found a staircase to the Depths.
 25357 | D:15     | Noticed Josephine
 25389 | D:15     | Killed Josephine
 26120 | Elf:1    | Entered Level 1 of the Elven Halls
 26232 | Elf:1    | Noticed Donald
 26247 | Elf:1    | Killed Donald
 26248 | Elf:1    | Reached skill level 18 in Shields
 26264 | Elf:1    | Found a crumbling gateway.
 26270 | Desolati | Entered the Desolation of Salt
 26285 | Desolati | HP: 7/151 [peacekeeper (3)]
 26287 | Desolati | Slain by a saltling

Illustrated notes

Levels and vault maps discovered:
D:1:      dpeg_arrival_radiant, layout_basic, glass_columns_b, minmay_unequal
D:2:      layout_loops_ring, dreamdust_ecumenical_altar_angels_and_demons,
          serial_shops, shop, kennysheep_generic_room_12
D:3:      layout_loops_ring, serial_shops, nicolae_square_shop,
          nicolae_wormholes
D:4:      layout_loops_ring, minivault_14
D:5:      layout_basic, gammafunk_ghost_stat_death
D:6:      wad_crossroads, layout_basic, nicolae_vehumet_radiance, uniq_duvessa
D:7:      layout_loops_ring, minmay_temple_entry_grid
D:8:      layout_loops_corners, mainiacjoe_overflow_alcove_3
D:9:      layout_grid_maze, lair_entry_dummy
D:10:     layout_basic, zin_angel, mainiacjoe_overflow_alcove_4,
          nicolae_underground_beach
D:11:     nzn_winding_woodlands_medium [nzn_winding_woodlands_5x5_three,
          nzn_winding_woodlands_5x15_sidewinder,
          nzn_winding_woodlands_5x5_perimeter,
          nzn_winding_woodlands_5x5_closed_star,
          nzn_winding_woodlands_center_lodge, nzn_winding_woodlands_hourglass,
          nzn_winding_woodlands_5x5_cross,
          nzn_winding_woodlands_5x15_concentric,
          nzn_winding_woodlands_5x5_open_star], layout_rooms, grunt_potential
D:12:     layout_basic, david_orc_5, xom_confusion_cloud
D:13:     layout_small_grid, david_vaults_4, special_room [special_room_orc],
          serial_undead, serial_undead_d, serial_undead_a, serial_undead_e,
          serial_undead_a, serial_undead_a, serial_undead_d, serial_undead_d,
          serial_library_hellmonk_semicircle, kennysheep_diamond, minivault_21,
          fedhas_ov_isle_minmay, uniq_nessos
D:14:     layout_basic, minmay_splitting_lines, uniq_lodul, uniq_rupert
D:15:     hellmonk_depths_entry_around_the_bend, layout_loops_ring,
          roderic_lattice_octagonal_star, drop_trap, uniq_josephine
Temple:   nicolae_temple_bog_church
Lair:1:   layout_cave_pods, minmay_hedge_maze, grunt_megastairs_5
Lair:2:   gammafunk_indiana_jones, layout_regular_city,
          minmay_shoals_entry_centaurs
Lair:3:   layout_layer_cave, dummy_snake_entry, basic_altar,
          pdpol_lair_neglected_garden
Lair:4:   layout_roguey, disabler_island, grunt_megastairs_1,
          serial_bayou_shore_b, lemuel_fruit_tree
Lair:5:   gammafunk_lair_ancient_temple, layout_loops_ring, slime_entry_2
Orc:1:    layout_caves, serial_shops, nicolae_shop_tiny_real_fake_doors,
          lightli_orcish_oven
Orc:2:    st_orc_ogre_mass, layout_diamond_mine, uniq_snorg
Elf:1:    layout_gridlike, portal_desolation_entry_twin_temple,
          minmay_elf_crystal_hexagon, minmay_librarian, uniq_donald
Desolation

Skill      XL: |  1  2  3  4  5  6  7  8  9 10 11 12 13 14 15 16 |
---------------+-------------------------------------------------+-----
Shields        | 4 5 6 7 8 10 12 14 17 18 | 18.0
Armour         | 4 5 6 7 9 10 11 12 13 14 15 16 | 16.2
Long Blades    | 3 4 5 6 7 9 11 12 14 15 16 17 | 17.8
Fighting       | 4 5 6 8 9 11 12 14 15 | 15.8
Shapeshifting  | 1 2 3 4 5 6 |  6.7
Dodging        | 1 2 3 4 5 |  5.5
Invocations    | 1 2 3 |  3.0
Stealth        | 1 2 |  2.1
Evocations     | 1 |  1.7
Short Blades   | 2 |  2.0

Action                     |  1- 3 |  4- 6 |  7- 9 | 10-12 | 13-15 | 16-18 || total
---------------------------+-------+-------+-------+-------+-------+-------++-------
  Melee: Long sword        |    84 |    52 |    22 |   783 |  1435 |   325 ||  2701
         Headbutt          |    10 |    24 |    53 |   216 |   564 |    90 ||   957
         Scimitar          |       |    71 |   263 |       |   325 |       ||   659
         Short sword       |       |       |       |       |    61 |       ||    61
 Invoke: Heroism           |       |       |     1 |     7 |    25 |     5 ||    38
  Evoke: Wand              |       |       |       |     2 |    14 |     1 ||    17
         Condenser vane    |       |       |       |       |     1 |       ||     1
    Use: Scroll            |     3 |     1 |     1 |    11 |    17 |     6 ||    39
         Potion            |       |       |       |       |     9 |    10 ||    19
   Stab: Paralysed         |       |       |       |       |     1 |       ||     1
         Confused          |       |       |       |       |     1 |       ||     1
 Armour: Scale mail        |    40 |    21 |       |       |       |       ||    61
         Chain mail        |       |   104 |   202 |   442 |   279 |       ||  1027
         Gold dragon scale |       |       |       |       |  1140 |   302 ||  1442
  Dodge: Dodged            |    37 |    40 |   103 |   185 |   571 |   106 ||  1042
  Block: Buckler           |    23 |    32 |    60 |    59 |       |       ||   174
         Kite shield       |       |       |       |   225 |  1537 |   336 ||  2098
         Reflection        |       |       |       |       |     2 |       ||     2
   Form: Beast             |     1 |       |       |       |     2 |       ||     3
                           |       |       |       |       |     3 |       ||     3
